[Event "Titled Tuesday Blitz June 13 Late 2023"]
[White "liwadas82"]
[Black "Siddharth, Jagadeesh"]
[BlackFideId "5818320"]
[WhiteElo "2445"]
[BlackElo "2303"]
[Result "0-1"]
[Round "3"]
[TimeControl "180+2"]
[Date "2023.06.13"]
[WhiteClock "0:00:00"]
[BlackClock "0:01:30"]
[Board "141"]

1. e4 c5 2. Nf3 d6 3. d4 cxd4 4. Nxd4 Nf6 5. Nc3 Nc6 6. Be3 Ng4 7. Bb5 Nxe3 8. fxe3 Bd7 9. Bxc6 bxc6 10. O-O e6 11. Qf3 Qf6 12. Qh5 g6 13. Rxf6 gxh5 14. Raf1 e5 15. Nf5 Be6 16. Ng3 h4 17. Nf5 h3 18. g3 Kd7 19. Nh6 Be7 20. R6f2 Bg5 21. Nxf7 Bxe3 22. Nxh8 Rxh8 23. Kh1 Bxf2 24. Rxf2 d5 25. Kg1 d4 26. Na4 Kd6 27. b3 Bg4 28. Rf6+ Kc7 29. Rf7+ Kd6 30. Rf6+ Ke7 31. Rxc6 Rf8 32. Rc7+ Kd6 0-1


[Site "https://www.chess.com"]

[Event "Titled Tuesday Blitz June 13 Late 2023"]
[White "Womacka, Mathias"]
[Black "Schmakel, Sam"]
[WhiteFideId "4611390"]
[BlackFideId "2039311"]
[WhiteElo "2377"]
[BlackElo "2356"]
[Result "1-0"]
[Round "3"]
[TimeControl "180+2"]
[Date "2023.06.13"]
[WhiteClock "0:02:03"]
[BlackClock "0:01:28"]
[Board "142"]

1. e4 g6 2. d4 Bg7 3. Nc3 d6 4. f4 Nf6 5. Nf3 c5 6. Bb5+ Bd7 7. e5 Ng4 8. Bxd7+ Qxd7 9. d5 dxe5 10. h3 e4 11. hxg4 exf3 12. Qxf3 Na6 13. Bd2 Nb4 14. O-O-O O-O-O 15. Ne4 Qxd5 16. Bxb4 Qxa2 17. Qa3 Qc4 18. Nxc5 b6 19. Qxa7 Qxf4+ 20. Kb1 bxc5 21. Qa8+ Qb8 22. Qc6+ Qc7 23. Qxc7+ Kxc7 24. Ba5+ 1-0


[Site "https://www.chess.com"]

[Event "Titled Tuesday Blitz June 13 Late 2023"]
[White "Manukyan, Sargis V."]
[Black "Melikhov, Evgeny V."]
[WhiteFideId "13303465"]
[BlackFideId "4122046"]
[WhiteElo "2236"]
[BlackElo "2158"]
[Result "1-0"]
[Round "3"]
[TimeControl "180+2"]
[Date "2023.06.13"]
[WhiteClock "0:01:18"]
[BlackClock "0:00:00"]
[Board "143"]

1. Nf3 f5 2. c4 Nf6 3. g3 g6 4. Bg2 Bg7 5. O-O O-O 6. Nc3 d6 7. d4 Qe8 8. d5 a5 9. Nb5 Na6 10. Be3 Bd7 11. Nbd4 Nc5 12. b3 h6 13. h3 Rc8 14. Rb1 c6 15. Qd2 Kh7 16. dxc6 bxc6 17. Qxa5 e5 18. Nc2 Nce4 19. Qa3 g5 20. Nd2 Nc3 21. Qxd6 Nxb1 22. Nxb1 f4 23. Bc5 Bf5 24. Qd2 Rf7 25. Nc3 Rd7 26. Qc1 Qg6 27. Nb4 e4 28. g4 Be6 29. Qc2 f3 30. exf3 Kh8 31. Nxe4 Nxe4 32. Qxe4 Qxe4 33. fxe4 Be5 34. a4 Rd2 35. Rb1 Rb2 36. Rxb2 Bxb2 37. e5 Bxe5 38. Nxc6 Bc3 39. a5 Bxa5 40. Bd4+ Kg8 41. Nxa5 Rd8 42. Be5 Rd1+ 43. Kh2 Rb1 44. c5 Bxb3 45. Nxb3 Rxb3 46. Bd5+ 1-0


[Site "https://www.chess.com"]

[Event "Titled Tuesday Blitz June 13 Late 2023"]
[White "Deng, Henry"]
[Black "Ansh M Shah"]
[WhiteFideId "30965454"]
[BlackFideId "25033379"]
[WhiteElo "2541"]
[BlackElo "2084"]
[Result "1-0"]
[Round "3"]
[TimeControl "180+2"]
[Date "2023.06.13"]
[WhiteClock "0:00:18"]
[BlackClock "0:00:02"]
[Board "144"]

1. e4 c6 2. d4 d5 3. Nd2 dxe4 4. Nxe4 Bf5 5. Ng3 Bg6 6. h4 h6 7. Nf3 Nd7 8. h5 Bh7 9. Bd3 Bxd3 10. Qxd3 e6 11. c4 Bb4+ 12. Bd2 Qa5 13. O-O Bxd2 14. Nxd2 Ngf6 15. Nde4 Nxe4 16. Nxe4 O-O 17. Qf3 Rad8 18. Rfd1 Qc7 19. b3 a5 20. a3 b5 21. Rac1 Qa7 22. Ng3 Rc8 23. Ne4 Nb6 24. Nd6 Rcd8 25. Qxc6 bxc4 26. Nb5 Qa6 27. bxc4 Rc8 28. Qd6 Rfd8 29. Qe7 Rd7 30. Qh4 Rxc4 31. Rxc4 Nxc4 32. a4 Qc6 33. Rc1 Qd5 34. Qg3 Rd8 35. Qc7 Nb2 36. Qxa5 Nd3 37. Rd1 Nf4 38. f3 Nxh5 39. Qd2 Qc4 40. Nc3 Ng3 41. Kf2 Nf5 42. a5 Rxd4 43. Qb2 Rxd1 44. Nxd1 Qa4 45. Qd2 g5 46. Nb2 Qh4+ 47. Kg1 Ng3 48. Qd8+ Kg7 49. Nd3 Qh1+ 50. Kf2 Qf1+ 51. Kxg3 h5 52. Qd4+ f6 53. Kh2 h4 54. Nf2 Kg6 55. Ng4 f5 56. Qf6+ Kh7 57. Qh6+ Kg8 58. Qxg5+ Kf7 59. Ne5+ Ke8 60. Qg7 1-0


[Site "https://www.chess.com"]

[Event "Titled Tuesday Blitz June 13 Late 2023"]
[White "Seresin, Francesco"]
[Black "Rengifo Blancas, Renzo Jhonathan"]
[WhiteFideId "886335"]
[BlackFideId "3807185"]
[WhiteElo "2219"]
[BlackElo "2085"]
[Result "1-0"]
[Round "3"]
[TimeControl "180+2"]
[Date "2023.06.13"]
[WhiteClock "0:00:30"]
[BlackClock "0:01:55"]
[Board "145"]

1. d4 d5 2. c4 c6 3. cxd5 cxd5 4. Nc3 Nc6 5. Bf4 Nf6 6. e3 a6 7. Bd3 Qb6 8. Nge2 e6 9. O-O Nb4 10. Bb1 Bd7 11. a3 Nc6 12. Na4 Qa7 13. b4 b5 14. Nc5 Bxc5 15. dxc5 e5 16. Bg5 Be6 17. Ba2 Rd8 18. Qc2 O-O 19. Bxf6 gxf6 20. Ng3 Kh8 21. Rad1 Rg8 22. Rd2 d4 23. Bxe6 fxe6 24. Ne4 Qg7 25. g3 f5 26. Nd6 e4 27. Qb3 Ne5 28. Rxd4 Nf3+ 29. Kg2 Nxd4 30. exd4 Qg6 31. d5 f4 32. Qc3+ Rg7 33. dxe6 f3+ 34. Kh1 Qxe6 35. Rg1 Kg8 36. Qe3 Rg6 37. Qxe4 Rxd6 38. Qa8+ Kg7 39. cxd6 Qxd6 40. Qxf3 Rf6 41. Qg4+ Rg6 42. Qe4 Re6 43. Qb7+ Re7 44. Qf3 Rf7 45. Qg4+ Kh8 46. Rc1 Qd5+ 47. Kg1 Rf8 48. Rc8 Rxc8 49. Qxc8+ Kg7 50. Qg4+ Kh8 51. Qc8+ Kg7 52. Qc3+ Kg6 53. h4 h5 54. Qe3 Qd1+ 55. Kg2 Qd5+ 56. Kh2 Qd1 57. Qg5+ Kf7 58. Qf4+ Kg6 59. Qe4+ Kf7 60. Qb7+ Kg8 61. Qxa6 Qf3 62. Qc8+ Kh7 63. Qc7+ Kg6 64. Qf4 Qe2 65. Qg5+ Kh7 66. Kg2 Qe4+ 67. Kf1 Qb1+ 68. Kg2 Qe4+ 69. Kh2 Qe2 70. Qf5+ Kg7 71. Kg2 Kg8 72. Qf3 Qe8 73. Qd5+ Kh7 74. Kf3 Kh6 75. Qd2+ Kh7 76. Qd3+ Kh6 77. Qe3+ Qxe3+ 78. Kxe3 Kg6 79. Kd4 Kf5 80. Kc5 Kg4 81. Kxb5 Kf3 82. a4 Kxf2 83. a5 Kxg3 84. a6 Kxh4 85. a7 Kg3 86. a8=Q h4 87. Qg8+ Kh2 88. Kc5 h3 89. b5 Kh1 90. Qh8 h2 91. Qxh2+ Kxh2 92. b6 1-0


[Site "https://www.chess.com"]

[Event "Titled Tuesday Blitz June 13 Late 2023"]
[White "Shapiro, Daniel"]
[Black "Shapiro, Viktor"]
[WhiteFideId "2001780"]
[BlackFideId "4175700"]
[WhiteElo "2329"]
[BlackElo "2212"]
[Result "0-1"]
[Round "3"]
[TimeControl "180+2"]
[Date "2023.06.13"]
[WhiteClock "0:00:10"]
[BlackClock "0:01:53"]
[Board "146"]

1. d4 Nf6 2. c4 e6 3. g3 c5 4. Nf3 cxd4 5. Nxd4 Nc6 6. Nb3 d5 7. cxd5 Qxd5 8. Qxd5 Nxd5 9. a3 b6 10. Bg2 Bb7 11. Bd2 Be7 12. Nc3 Nxc3 13. Bxc3 O-O 14. O-O Rac8 15. Rfd1 Rfd8 16. Rac1 Rxd1+ 17. Rxd1 Rd8 18. Rxd8+ Nxd8 19. Bxb7 Nxb7 20. Nd4 Nd8 21. Nb5 Nc6 22. e3 f6 23. Kf1 e5 24. Nc7 Kf7 25. Ke2 Bd8 26. Nd5 e4 27. Nb4 Nxb4 28. Bxb4 Ke6 29. f3 Kd5 30. b3 g6 31. Bc3 f5 32. Bg7 Be7 33. Bb2 b5 34. f4 a5 35. h3 a4 36. bxa4 bxa4 37. Kd2 Kc4 38. Kc2 Bc5 39. Bc1 h5 40. h4 Bd6 41. Bb2 Be7 42. Bc1 Bc5 43. Bd2 Bxa3 44. Bc3 Bc5 45. Bd2 a3 46. Bc1 Be7 47. Bd2 Bb4 0-1


[Site "https://www.chess.com"]

[Event "Titled Tuesday Blitz June 13 Late 2023"]
[White "Ziatdinov, Raset"]
[Black "Yeritsyan, Hayk"]
[WhiteFideId "2015323"]
[BlackFideId "13307320"]
[WhiteElo "2220"]
[BlackElo "2502"]
[Result "0-1"]
[Round "3"]
[TimeControl "180+2"]
[Date "2023.06.13"]
[WhiteClock "0:00:03"]
[BlackClock "0:00:34"]
[Board "147"]

1. e4 c6 2. d4 d5 3. Nc3 dxe4 4. Nxe4 Nd7 5. Nf3 Ngf6 6. Nxf6+ Nxf6 7. c3 Bg4 8. Bd3 Qd6 9. h3 Bxf3 10. Qxf3 Qd5 11. Qg3 e6 12. Qg5 Qxg5 13. Bxg5 Be7 14. O-O-O O-O-O 15. Rhe1 Nd5 16. Bd2 Bd6 17. g3 g6 18. a3 h5 19. c4 Ne7 20. Bc3 Rhe8 21. Re2 Bc7 22. Rde1 Bb6 23. Re4 Nf5 24. c5 Bxc5 25. dxc5 Rxd3 26. g4 Ne7 27. Kc2 Rd5 28. b4 Red8 29. R1e2 a6 30. f4 R8d7 31. Kb3 a5 32. Ka4 axb4 33. axb4 Rd3 34. R2e3 Rxe3 35. Rxe3 Nd5 36. Rf3 hxg4 37. hxg4 Nxc3+ 38. Rxc3 Rd4 39. Rf3 Kc7 40. Kb3 Kd7 41. Kc3 Re4 42. Rd3+ Ke7 43. Rf3 g5 44. fxg5 Rxg4 45. Rf1 Rxg5 46. Ra1 Kd7 47. Ra7 Kc7 48. Ra8 Rg3+ 49. Kc4 Rg4+ 50. Kc3 Rg7 51. Rf8 b6 52. Kc4 bxc5 53. bxc5 Kd7 54. Kb4 e5 55. Ka5 e4 56. Kb6 e3 57. Ra8 e2 58. Ra7+ Ke6 59. Ra1 Rg2 60. Kxc6 f5 61. Kb7 f4 62. c6 f3 63. c7 Rg7 64. Ra3 e1=Q 65. Rxf3 Qe4+ 0-1


[Site "https://www.chess.com"]

[Event "Titled Tuesday Blitz June 13 Late 2023"]
[White "Burdalev, Kirill"]
[Black "Flynn, Jacob"]
[WhiteFideId "14121913"]
[BlackFideId "2509393"]
[WhiteElo "2236"]
[BlackElo "2053"]
[Result "1-0"]
[Round "3"]
[TimeControl "180+2"]
[Date "2023.06.13"]
[WhiteClock "0:02:12"]
[BlackClock "0:01:08"]
[Board "148"]

1. d4 Nf6 2. c4 g6 3. Nf3 Bg7 4. Nc3 O-O 5. e4 d6 6. Be2 e5 7. Be3 exd4 8. Nxd4 Re8 9. f3 c6 10. Bf2 d5 11. exd5 cxd5 12. O-O Nc6 13. c5 Nh5 14. Qd2 Be5 15. g3 Ng7 16. Rfe1 Be6 17. Rad1 Bxd4 18. Bxd4 Nxd4 19. Qxd4 Nf5 20. Qf2 d4 21. g4 Ne3 22. Ne4 Nxd1 23. Rxd1 Qf6 24. Nxf6+ 1-0


[Site "https://www.chess.com"]

[Event "Titled Tuesday Blitz June 13 Late 2023"]
[White "Ronka, Erik"]
[Black "Ward, Ieuan C"]
[WhiteFideId "505080"]
[BlackFideId "406627"]
[WhiteElo "2264"]
[BlackElo "2290"]
[Result "1-0"]
[Round "3"]
[TimeControl "180+2"]
[Date "2023.06.13"]
[WhiteClock "0:00:06"]
[BlackClock "0:00:00"]
[Board "149"]

1. e4 e5 2. Nf3 Nc6 3. Bb5 a6 4. Ba4 Nf6 5. O-O b5 6. Bb3 Be7 7. Re1 O-O 8. h3 d6 9. c3 Na5 10. Bc2 c5 11. d4 cxd4 12. cxd4 Nc6 13. d5 Nb4 14. Bb3 a5 15. a3 Na6 16. Nc3 Bd7 17. Be3 Qb8 18. Bc2 Rc8 19. g4 g6 20. Ne2 Nc5 21. Ng3 b4 22. axb4 Qxb4 23. Rb1 a4 24. g5 Ne8 25. Kg2 Ng7 26. Nh2 Qc4 27. Ng4 Kf8 28. Nh6 Nb3 29. Qf3 Be8 30. Bd1 Nd4 31. Bxd4 Qxd4 32. h4 Rab8 33. h5 Rb3 34. Re3 Rxb2 35. Rxb2 Qxb2 36. hxg6 hxg6 37. Qg4 Rc1 38. Be2 a3 39. Qh4 1-0


[Site "https://www.chess.com"]

[Event "Titled Tuesday Blitz June 13 Late 2023"]
[White "Ladan, Nicholas"]
[Black "Rodriguez Polo, Mateo"]
[WhiteFideId "30918855"]
[BlackFideId "24509396"]
[WhiteElo "2167"]
[BlackElo "2117"]
[Result "1-0"]
[Round "3"]
[TimeControl "180+2"]
[Date "2023.06.13"]
[WhiteClock "0:00:06"]
[BlackClock "0:00:07"]
[Board "150"]

1. b4 e5 2. Bb2 Bxb4 3. Bxe5 Nf6 4. c3 Be7 5. g3 d5 6. Bg2 O-O 7. e3 c5 8. Bxf6 Bxf6 9. d4 cxd4 10. cxd4 Nc6 11. Ne2 Qa5+ 12. Qd2 Qd8 13. O-O Bf5 14. Nbc3 Be6 15. Nf4 Ne7 16. Rab1 b6 17. Nxe6 fxe6 18. Ne2 Rc8 19. Nf4 Qd6 20. Qd3 e5 21. dxe5 Bxe5 22. Nxd5 Rfd8 23. Nxe7+ Qxe7 24. Qb3+ Kh8 25. Rfd1 Bf6 26. h4 Rxd1+ 27. Rxd1 Rd8 28. Bd5 g6 29. e4 Kg7 30. Rc1 Bd4 31. Qa4 Bc5 32. Qc4 Rf8 33. Qc3+ Kh6 34. Rc2 Qf6 35. Qxf6 Rxf6 36. Kg2 Kg7 37. e5 Rf8 38. f4 Re8 39. Kf3 Re7 40. Ke4 Kf8 41. g4 Kg7 42. Rh2 Bd6 43. a4 a6 44. Rb2 Bc5 45. a5 bxa5 46. Rb8 h6 47. Rg8+ Kh7 48. Ra8 Bb4 49. Rxa6 Rc7 50. e6 Rc1 51. Ke5 Rd1 52. Ra7+ Kh8 53. e7 Re1+ 54. Kf6 Bxe7+ 55. Rxe7 Rxe7 56. Kxe7 Kg7 57. Ba2 g5 58. fxg5 hxg5 59. h5 Kh8 60. Kf6 a4 61. Kxg5 a3 62. h6 Kh7 63. Kh5 Kh8 64. g5 Kh7 65. g6+ Kh8 66. g7+ Kh7 67. g8=Q# 1-0


[Site "https://www.chess.com"]

[Event "Titled Tuesday Blitz June 13 Late 2023"]
[White "Seletsky, Grigory"]
[Black "Sala, Giulia"]
[WhiteFideId "14112191"]
[BlackFideId "2840451"]
[WhiteElo "2491"]
[BlackElo "1769"]
[Result "0-1"]
[Round "3"]
[TimeControl "180+2"]
[Date "2023.06.13"]
[WhiteClock "0:00:15"]
[BlackClock "0:00:30"]
[Board "151"]

1. e4 e6 2. d4 d5 3. exd5 exd5 4. c3 Bd6 5. Bd3 Ne7 6. Qc2 Nbc6 7. Bg5 f6 8. Bh4 Bg4 9. Nd2 Qd7 10. f3 Bh5 11. O-O-O Bg6 12. Ne2 O-O-O 13. Bg3 Kb8 14. Kb1 Nf5 15. Bf2 Rhe8 16. Nf1 Re7 17. h4 Rde8 18. Nc1 Nh6 19. Bxg6 hxg6 20. Qxg6 Bf4 21. Nd3 Re2 22. g4 Na5 23. Ng3 Bxg3 24. Bxg3 Qa4 25. Rc1 Nc4 26. Bf4 Qb5 27. b3 Qa5 28. Nb4 Rb2+ 29. Ka1 Ree2 30. a4 Rxb3 31. Na2 Rxa2+ 32. Kxa2 Qxa4# 0-1


[Site "https://www.chess.com"]

[Event "Titled Tuesday Blitz June 13 Late 2023"]
[White "Kielinkei"]
[Black "Aung Thant Zin"]
[BlackFideId "13000063"]
[WhiteElo "2463"]
[BlackElo "2278"]
[Result "0-1"]
[Round "3"]
[TimeControl "180+2"]
[Date "2023.06.13"]
[WhiteClock "0:00:08"]
[BlackClock "0:00:14"]
[Board "152"]

1. e4 c5 2. a3 Nc6 3. b4 cxb4 4. axb4 Nxb4 5. c3 Nc6 6. d4 d5 7. exd5 Qxd5 8. Na3 e6 9. Nb5 Qd8 10. Bf4 e5 11. dxe5 Be6 12. Nd6+ Bxd6 13. exd6 Nf6 14. Nf3 O-O 15. Be2 Nd5 16. Qd2 Qf6 17. Bg3 Qxc3 18. O-O Qxd2 19. Nxd2 Nc3 20. Bf3 Rfd8 21. Ne4 Nxe4 22. Bxe4 Bd7 23. Rfb1 b6 24. Rc1 Rac8 25. Bxc6 Rxc6 26. Rxc6 Bxc6 27. Rxa7 b5 28. Rc7 Bd7 29. h3 f6 30. Kf1 Kf7 31. Ke2 Ke6 32. Kd3 Ra8 33. Rb7 Ra1 34. Bf4 g5 35. Bh2 h5 36. Rb8 Rh1 37. Bg3 h4 38. Rh8 hxg3 39. fxg3 Rg1 40. h4 gxh4 41. gxh4 Rxg2 42. h5 Kxd6 43. h6 Rh2 44. h7 Bf5+ 45. Ke3 Rxh7 46. Rb8 Bd7 47. Kd4 Rh4+ 48. Kc3 Kc5 49. Rb7 Bc6 50. Rf7 Rh3+ 51. Kd2 Rf3 52. Ke2 f5 53. Rf6 b4 54. Kd2 b3 55. Rf7 b2 56. Kc2 Rf2+ 57. Kd3 b1=Q+ 58. Ke3 Qe1+ 59. Kd3 Rd2+ 60. Kc3 Qc1+ 0-1


[Site "https://www.chess.com"]

[Event "Titled Tuesday Blitz June 13 Late 2023"]
[White "Kovalevsky, Stanislav"]
[Black "DampFalcon"]
[WhiteFideId "13508598"]
[WhiteElo "2112"]
[BlackElo "1905"]
[Result "0-1"]
[Round "3"]
[TimeControl "180+2"]
[Date "2023.06.13"]
[WhiteClock "0:00:00"]
[BlackClock "0:00:38"]
[Board "153"]

1. c4 Nf6 2. Nc3 e6 3. e4 Bb4 4. e5 Ng8 5. d4 Ne7 6. Bd3 d6 7. Nf3 dxe5 8. dxe5 Nbc6 9. Bg5 h6 10. Bh4 g5 11. Bg3 Nd4 12. Qa4+ Nec6 13. O-O-O Nxf3 14. gxf3 Bd7 15. Be4 Bxc3 16. bxc3 Qe7 17. Qc2 O-O-O 18. h4 Qa3+ 19. Kb1 Qc5 20. hxg5 hxg5 21. Rxh8 Rxh8 22. Qd2 Rd8 23. Qxg5 Qxc4 24. Bxc6 Qxc6 25. Qe3 Qb5+ 26. Ka1 b6 27. Qd4 Rg8 28. c4 Qa4 29. c5 Kb7 30. Qxd7 Qc4 31. c6+ Qxc6 32. Qxc6+ Kxc6 33. Kb2 Rh8 34. Rc1+ Kb7 35. Kc3 c5 36. Kd3 Kc6 37. Ke4 Rd8 38. Rc4 Rd2 39. a4 a6 40. f4 b5 41. axb5+ axb5 42. Rc1 Rd4+ 43. Ke3 Ra4 44. f3 b4 45. Kd3 Ra3+ 46. Ke2 b3 47. Bf2 Ra2+ 48. Ke1 b2 49. Rxc5+ Kd7 50. Rb5 Ra1+ 51. Kd2 b1=Q 52. Rxb1 Rxb1 53. Be3 Kc6 54. Kd3 Kd5 55. Bd2 Rb3+ 56. Bc3 Ra3 57. Kc2 Kc4 0-1


[Site "https://www.chess.com"]

[Event "Titled Tuesday Blitz June 13 Late 2023"]
[White "Almedina Ortiz, Edgardo J."]
[Black "Tristan, Leonardo"]
[WhiteFideId "3100197"]
[BlackFideId "113816"]
[WhiteElo "2217"]
[BlackElo "2461"]
[Result "0-1"]
[Round "3"]
[TimeControl "180+2"]
[Date "2023.06.13"]
[WhiteClock "0:00:13"]
[BlackClock "0:01:00"]
[Board "154"]

1. d4 d5 2. c4 e6 3. Nc3 a6 4. cxd5 exd5 5. Bf4 Nf6 6. e3 c5 7. Nf3 c4 8. Be2 b5 9. O-O Bb7 10. Ne5 Be7 11. Bf3 O-O 12. Re1 Nbd7 13. e4 dxe4 14. Nxe4 Nxe4 15. Bxe4 Bxe4 16. Rxe4 Nxe5 17. dxe5 Qxd1+ 18. Rxd1 Rfd8 19. Ree1 Bb4 20. Rf1 Kf8 21. Bg5 Rxd1 22. Rxd1 h6 23. Bh4 g5 24. Bg3 Ke7 25. Kf1 Rd8 26. Rxd8 Kxd8 27. Ke2 Kd7 28. Kf3 Ke6 29. Ke4 Bd2 30. h4 a5 31. h5 a4 32. f4 gxf4 33. Bxf4 Bxf4 34. Kxf4 b4 35. g4 c3 36. bxc3 b3 37. axb3 axb3 38. g5 hxg5+ 39. Kxg5 b2 40. h6 b1=Q 0-1


[Site "https://www.chess.com"]

[Event "Titled Tuesday Blitz June 13 Late 2023"]
[White "Renjith, Sravan"]
[Black "Gerbelli Neto, Eduardo"]
[WhiteFideId "4306783"]
[BlackFideId "2103281"]
[WhiteElo "2104"]
[BlackElo "2178"]
[Result "1-0"]
[Round "3"]
[TimeControl "180+2"]
[Date "2023.06.13"]
[WhiteClock "0:00:54"]
[BlackClock "0:01:07"]
[Board "155"]

1. e4 e5 2. Nf3 Nc6 3. Nc3 Nf6 4. Bb5 Bd6 5. O-O O-O 6. Re1 Re8 7. d4 Nxd4 8. Nxd4 exd4 9. Qxd4 Be5 10. Qd3 c6 11. Bc4 d5 12. exd5 Bxh2+ 13. Kf1 Rxe1+ 14. Kxe1 Be5 15. dxc6 Qxd3 16. Bxd3 bxc6 17. f4 Bd4 18. Ne2 Bb6 19. Bd2 Bg4 20. Kf1 Nd5 21. Be4 Re8 22. Ng3 Be3 23. Bxe3 Nxe3+ 24. Kf2 Nd5 25. Bxd5 cxd5 26. Re1 Kf8 27. Rxe8+ Kxe8 28. Ke3 Kd7 29. Kd4 Kd6 30. Nf1 f6 31. Ne3 Be6 32. c3 g5 33. f5 Bf7 34. Ng4 Ke7 35. Kc5 h5 36. Ne3 h4 37. Nxd5+ Bxd5 38. Kxd5 g4 39. Ke4 Kd6 40. Kf4 h3 41. gxh3 gxh3 42. Kg3 Ke5 43. Kxh3 Kxf5 44. Kg3 Ke4 45. Kf2 Kd3 46. Kf3 a5 47. Kf4 a4 48. a3 Kc2 49. c4 Kxb2 50. c5 Kxa3 51. c6 Kb2 52. c7 a3 53. c8=Q a2 54. Qb7+ Ka1 55. Ke3 f5 56. Kd2 f4 57. Kc1 f3 58. Qg7# 1-0


[Site "https://www.chess.com"]

[Event "Titled Tuesday Blitz June 13 Late 2023"]
[White "The_Straightforward_Rook"]
[Black "Chen, Ryo"]
[BlackFideId "7003072"]
[WhiteElo "2340"]
[BlackElo "2169"]
[Result "1-0"]
[Round "3"]
[TimeControl "180+2"]
[Date "2023.06.13"]
[WhiteClock "0:00:46"]
[BlackClock "0:00:16"]
[Board "156"]

1. d4 Nf6 2. c4 g6 3. Nc3 Bg7 4. e4 d6 5. Be2 O-O 6. h4 c5 7. d5 e6 8. h5 exd5 9. exd5 Re8 10. h6 Bh8 11. Bg5 Qb6 12. b3 Bf5 13. Kf1 Nbd7 14. Rc1 Ne5 15. g3 Ne4 16. Nxe4 Bxe4 17. Rh4 Bf5 18. Nf3 Nxf3 19. Bxf3 Qa5 20. a4 Bb2 21. Bd2 Qd8 22. Bc3 Bxc3 23. Rxc3 Qf6 24. Qd2 Bd7 25. Kg2 Re7 26. Re4 Rae8 27. Rxe7 Rxe7 28. Re3 Re5 29. Rxe5 Qxe5 30. Qa5 Qg5 31. Qc7 Be8 32. Qxd6 Qxh6 33. Qb8 Qf8 34. Qxb7 h5 35. d6 Qxd6 36. Qxa7 Bd7 37. Qa8+ Kg7 38. Qd5 Qe7 39. a5 Be6 40. Qe5+ f6 41. Qb8 g5 42. Qb7 Qxb7 43. Bxb7 1-0


[Site "https://www.chess.com"]

[Event "Titled Tuesday Blitz June 13 Late 2023"]
[White "MaryanKyrychenko"]
[Black "Slovineanu, Viacheslav"]
[BlackFideId "13900510"]
[WhiteElo "2572"]
[BlackElo "2312"]
[Result "1-0"]
[Round "3"]
[TimeControl "180+2"]
[Date "2023.06.13"]
[WhiteClock "0:00:12"]
[BlackClock "0:00:00"]
[Board "157"]

1. e4 c6 2. d4 d5 3. e5 Bf5 4. Nf3 e6 5. Be2 Nd7 6. O-O a6 7. Re1 h6 8. Nbd2 Rc8 9. Nb3 c5 10. dxc5 Bxc5 11. Nxc5 Nxc5 12. Nd4 Ne7 13. Be3 O-O 14. Rc1 Nd7 15. f4 Be4 16. Qd2 Nf5 17. Nxf5 Bxf5 18. c4 Be4 19. cxd5 Bxd5 20. Rxc8 Qxc8 21. Rc1 Qd8 22. Qb4 f6 23. Qd6 fxe5 24. fxe5 Rf5 25. Bd3 Rxe5 26. Bf4 Rg5 27. Bxg5 Qxg5 28. Rc2 Qe3+ 29. Rf2 Qxd3 30. Qxd7 Kh7 31. Qf7 Qb1+ 32. Rf1 Qxb2 33. Qf2 Qxa2 34. Qxa2 Bxa2 35. Kf2 Bd5 36. g3 Kg6 37. Ke3 Kg5 38. Rf4 a5 39. h4+ Kg6 40. Ra4 b6 41. Kf4 Kf6 42. Ra1 g5+ 43. hxg5+ hxg5+ 44. Ke3 Ke5 45. Rb1 a4 46. Rxb6 a3 47. Ra6 a2 48. Ra5 Kf5 49. Ra4 Bb3 50. Ra3 Kg4 51. Ke4 Bd5+ 52. Ke5 Kh3 53. Kf6 g4 54. Kg5 Bb3 55. Kf4 Bc4 56. Ra5 Bd5 57. Ra3 Bc4 58. Ra5 Kg2 59. Ra3 Kf2 60. Kxg4 e5 61. Kf5 e4 62. Kxe4 Be6 63. Kd4 Ke2 64. Kc3 Kf3 65. Kb2+ Kg4 66. Ra6 Bd5 67. Ra3 Be6 68. Ka1 Bd5 69. Rc3 Be6 70. Re3 Bd5 71. Re5 Bb3 72. Re7 Bd5 73. Re5 Bb3 74. Re7 Bd5 75. Rg7+ Kf5 76. g4+ Kf6 77. Ra7 Kg6 78. Ra5 Bc4 79. g5 Bf7 80. Kb2 Be6 81. Kc3 Bf7 82. Kd2 Bc4 83. Ke3 Bf7 84. Kf4 Bc4 85. Ra3 Bd5 86. Ra6+ Kg7 87. Kf5 Bb3 88. Ra7+ 1-0


[Site "https://www.chess.com"]

[Event "Titled Tuesday Blitz June 13 Late 2023"]
[White "Han, Yichen"]
[Black "Sairam, Pranav"]
[WhiteFideId "1054430"]
[BlackFideId "30951330"]
[WhiteElo "2342"]
[BlackElo "1918"]
[Result "0-1"]
[Round "3"]
[TimeControl "180+2"]
[Date "2023.06.13"]
[WhiteClock "0:00:04"]
[BlackClock "0:00:04"]
[Board "158"]

1. d4 d5 2. Nf3 Nf6 3. c4 e6 4. Nc3 Be7 5. Bg5 O-O 6. e3 Nbd7 7. Qc2 h6 8. h4 c5 9. cxd5 cxd4 10. Nxd4 Nxd5 11. Bxe7 Qxe7 12. Bd3 Nb4 13. Qe2 Nxd3+ 14. Qxd3 Nc5 15. Qe2 e5 16. Nf3 e4 17. Nd4 Nd3+ 18. Kf1 f5 19. g3 Bd7 20. Kg2 Bc6 21. Nxc6 bxc6 22. Rhd1 Rab8 23. Rab1 Qb4 24. Rxd3 exd3 25. Qxd3 Rbd8 26. Qe2 Qc5 27. Na4 Qd5+ 28. Kh2 Qxa2 29. Nc3 Qe6 30. Ra1 f4 31. Rxa7 f3 32. Qc2 Rf7 33. Ra6 Qc4 34. Ra4 Qf1 0-1


[Site "https://www.chess.com"]

[Event "Titled Tuesday Blitz June 13 Late 2023"]
[White "Kaganskiy, Gleb"]
[Black "Musovic, Armin"]
[WhiteFideId "4132025"]
[BlackFideId "939935"]
[WhiteElo "2165"]
[BlackElo "2322"]
[Result "0-1"]
[Round "3"]
[TimeControl "180+2"]
[Date "2023.06.13"]
[WhiteClock "0:00:00"]
[BlackClock "0:00:55"]
[Board "160"]

1. e4 c6 2. c4 d5 3. cxd5 cxd5 4. exd5 Nf6 5. Qa4+ Nbd7 6. Bc4 g6 7. d3 Bg7 8. Nc3 O-O 9. Nf3 a6 10. Qa3 Re8 11. O-O Bf8 12. Re1 b5 13. Bxb5 e6 14. d6 Bb7 15. Bxd7 Nxd7 16. Ng5 Nb6 17. Nge4 Nd5 18. Bg5 f6 19. Nxd5 fxg5 20. Ndf6+ Kg7 21. Qc3 e5 22. Nxe8+ Qxe8 23. Qc7+ Qf7 24. Nxg5 Qxc7 25. dxc7 Bd6 26. Rac1 Rc8 27. Ne6+ Kf6 28. Nd8 Bd5 29. b3 Rxc7 30. Rxc7 Bxc7 31. d4 exd4 32. Rd1 Bb6 33. b4 Ke7 34. a4 Kxd8 35. a5 Ba7 36. f3 d3+ 37. Kf1 Bc4 0-1


[Site "https://www.chess.com"]

[Event "Titled Tuesday Blitz June 13 Late 2023"]
[White "Kaufman, Raymond"]
[Black "Aggelis, Nikolaos"]
[WhiteFideId "2015056"]
[BlackFideId "4213220"]
[WhiteElo "2264"]
[BlackElo "2189"]
[Result "0-1"]
[Round "3"]
[TimeControl "180+2"]
[Date "2023.06.13"]
[WhiteClock "0:02:34"]
[BlackClock "0:02:58"]
[Board "161"]

1. c4 f5 2. g3 Nf6 3. Bg2 g6 4. Nc3 Bg7 5. d3 O-O 6. e4 d6 7. Nge2 e5 8. O-O f4 9. gxf4 Nh5 10. f5 gxf5 11. Nf4 Nxf4 0-1


[Site "https://www.chess.com"]

[Event "Titled Tuesday Blitz June 13 Late 2023"]
[White "Korpics, Zsolt"]
[Black "Bas Mas, Jose Joaquin"]
[WhiteFideId "705241"]
[BlackFideId "22219064"]
[WhiteElo "2318"]
[BlackElo "2212"]
[Result "1-0"]
[Round "3"]
[TimeControl "180+2"]
[Date "2023.06.13"]
[WhiteClock "0:02:26"]
[BlackClock "0:02:27"]
[Board "162"]

1. e4 Nf6 2. e5 Nd5 3. Nc3 Nxc3 4. bxc3 d6 5. f4 c5 6. Nf3 Nc6 7. d4 dxe5 8. fxe5 Bg4 9. d5 Nxe5 10. Nxe5 Bxd1 11. Bb5+ Qd7 12. Bxd7+ Kd8 13. Kxd1 f6 14. Nf7+ Kxd7 15. Nxh8 Ke8 16. Be3 1-0


[Site "https://www.chess.com"]